cohdb
Replays
Latest Replays
All Replays
Popular Replays
Top Player Replays
Match Explorer
How It Works
Community
CoH3 Stats
Reddit
Sign in to upload your games and track your stats! →
Sign in with Steam
Match 45591342
Unlisted
Match 45591342
Overview
Messages
Build Orders
End
Construct Infanterie Kompanie
Selects Breakthrough Battlegroup
Selects Breakthrough Battlegroup
MG 42 Machine Gun Team
Grenadier Squad
Grenadier Squad
Construct Panzergrenadier Kompanie
Selects Rapid Production
251 Medium Carrier
Pak 40 Anti-tank Gun Team
Support Elements
Nebelwerfer 42 Rocket Launcher Team
StuG III G Assault Gun
Pioneer Squad
StuG III G Assault Gun
Panzergrenadier Officer Quarters
Selects Blitzkrieg
StuG III G Assault Gun
Medical Bunker
Pioneer Squad
Selects Panzer IV Command Tank Sd.Kfz. 161/1
Panzer IV Command Tank
Construct Luftwaffe Kompanie
Medical Bunker
Blitzkrieg
Forward Retreat Point
StuG III G Assault Gun
StuG III G Assault Gun
Blitzkrieg
StuG III G Assault Gun
Selects Assault Grenadiers
Selects Smoke Bombing Run
Selects Incendiary Bombing Run
StuG III G Assault Gun
娘希匹,优势在我!
gooood
CHINA津门虎
Blitzkrieg Doctrine
Karl123
一杆大长枪的爹
boboCATs
boboFISHs
0
0
Comments
sign in to comment!
No comments posted yet!